 Dungeon Crawl Stone Soup version 0.16-a0-2669-g4c00d22 (webtiles) character file.

5064 Ololoev the Cleaver (level 10, -6/70 HPs)
             Began as a Vine Stalker Berserker on Nov 24, 2014.
             Was an Elder of Trog.
             Mangled by an orc warrior
             ... wielding a +0 hand axe
              (10 damage)
             ... on level 11 of the Dungeon.
             The game lasted 00:31:53 (3201 turns).

Ololoev the Cleaver (Vine Stalker Berserker)        Turns: 3201, Time: 00:31:53

Health: -6/70      AC: 19    Str: 29 (32) XL:     10   Next: 56%
Magic:  0/13       EV:  7    Int:  7      God:    Trog [****..]
Gold:   362        SH:  0    Dex: 14      Spells: 0 memorised, 9 levels left

rFire  . . .     SeeInvis .     a - -1 broad axe (curse)
rCold  . . .     Clarity  .     u - +0 plate armour
rNeg   . . .     SustAb   .     (no shield)
rPois  .         Gourm    .     (no helmet)
rElec  .         Spirit   +     w - +1 cloak
rCorr  .         Warding  .     (no gloves)
rMut   .         Stasis   .     p - +0 pair of boots
MR     +++..                    (no amulet)
Stlth  ..........               s - +4 ring of strength
                                f - +3 ring of protection

@: berserking, regenerating, very quick, extremely resistant to hostile
enchantments, extremely unstealthy
A: fangs 3, hooves 1, regeneration 2, magic shield, antimagic bite, no device
heal 3, rot immunity
a: Burn Spellbooks, Berserk, Trog's Hand, Brothers in Arms, Renounce Religion


You were on level 11 of the Dungeon.
You worshipped Trog.
Trog was greatly pleased with you.
You were not hungry.

You visited 1 branch of the dungeon, and saw 11 of its levels.

You collected 362 gold pieces.

Notes
Turn   | Place    | Note
--------------------------------------------------------------
     0 | D:1      | Ololoev, the Vine Stalker Berserker, began the quest for the Orb.
     0 | D:1      | Reached XP level 1. HP: 11/11 MP: 1/1
   123 | D:2      | Reached skill level 3 in Axes
   123 | D:2      | Reached XP level 2. HP: 16/16 MP: 3/3
   151 | D:2      | Found a white marble altar of Elyvilon.
   270 | D:3      | Acquired Trog's second power
   306 | D:3      | Reached XP level 3. HP: 19/19 MP: 4/4
   469 | D:4      | Reached XP level 4. HP: 23/23 MP: 5/5
   503 | D:4      | Reached skill level 4 in Axes
   534 | D:4      | Reached XP level 5. HP: 27/27 MP: 7/7
   562 | D:4      | Noticed a scorpion
   569 | D:4      | Killed a scorpion
   754 | D:5      | Entered Level 5 of the Dungeon
   894 | D:5      | Gained mutation: You heal very quickly. [vine stalker growth]
   894 | D:5      | Reached XP level 6. HP: 32/32 MP: 6/8
   896 | D:5      | Reached skill level 5 in Axes
  1240 | D:6      | Reached skill level 6 in Axes
  1240 | D:6      | Reached XP level 7. HP: 35/35 MP: 9/9
  1319 | D:6      | Found a sparkling altar of Nemelex Xobeh.
  1529 | D:7      | Found a staircase to the Ecumenical Temple.
  1668 | D:6      | Found a shadowy altar of Dithmenos.
  1685 | D:8      | Noticed a wyvern
  1690 | D:8      | Killed a wyvern
  1690 | D:8      | Reached skill level 7 in Axes
  1690 | D:8      | Gained mutation: You have razor-sharp teeth. [vine stalker growth]
  1690 | D:8      | Reached XP level 8. HP: 30/39 MP: 11/11
  1959 | D:9      | Reached skill level 8 in Axes
  1959 | D:9      | Reached skill level 5 in Armour
  1968 | D:9      | Reached XP level 9. HP: 30/43 MP: 10/12
  1971 | D:9      | Reached skill level 9 in Axes
  1975 | D:9      | Acquired Trog's third power
  2048 | D:10     | Entered Level 10 of the Dungeon
  2134 | D:9      | Found a glowing silver altar of Zin.
  2321 | D:10     | Reached skill level 10 in Axes
  2613 | D:11     | Reached skill level 11 in Axes
  2613 | D:11     | Reached XP level 10. HP: 47/47 MP: 13/13
  2749 | D:11     | Got a shimmering buckler
  2767 | D:11     | Identified the cursed +0 buckler of Khaob {Str+1 Int+4} (You took it off an orc warrior on level 11 of the Dungeon)
  2772 | D:11     | Got an uncursed encrusted hunting sling
  2773 | D:11     | Identified the +5 hunting sling of Throer {velocity, rF+} (You took it off an orc warrior on level 11 of the Dungeon)
  2867 | D:11     | Gained mutation: You are dopey. (Int -2) [potion of mutation]
  2867 | D:11     | Gained mutation: You have large cloven feet. [potion of mutation]
  2867 | D:11     | Lost mutation: You are dopey. (Int -2) [potion of mutation]
  3030 | D:11     | Reached skill level 12 in Axes
  3122 | D:11     | Killed an unseen horror
  3188 | D:11     | Noticed an orc knight
  3189 | D:11     | Found an iron altar of Okawaru.
  3201 | D:11     | Mangled by an orc warrior

Inventory:

Hand weapons
 a - a cursed -1 broad axe (weapon)
 b - the +5 hunting sling of Throer {velocity, rF+}
   (You took it off an orc warrior on level 11 of the Dungeon)

   Any stone fired from it inflicts extra damage.
   It protects you from fire.
Missiles
 r - 113 sling bullets
Armour
 p - a +0 pair of boots (worn)
 u - a +0 plate armour (worn)
 w - a +1 cloak (worn)
Jewellery
 f - a +3 ring of protection (left hand)
 s - a +4 ring of strength (right hand)
Scrolls
 e - 2 scrolls of recharging
 g - 3 scrolls of remove curse
 h - 2 scrolls of fear
 k - a scroll of noise {unknown}
Potions
 i - a potion of degeneration
 o - a potion of agility
 q - a potion of confusion
Miscellaneous
 j - a phantom mirror

Table legend:
 A = Turns spent in this place as a percentage of turns spent in the entire game.
 B = Non-inter-level travel turns spent in this place as a percentage of non-inter-level travel turns spent in the entire game.
 C = Inter-level travel turns spent in this place as a percentage of turns spent in this place.
 D = Turns resting spent in this place as a percentage of non-inter-level travel turns spent in this place.
 E = Turns spent auto-exploring this place as a percentage of non-inter-level travel turns spent in this place.
 F = Non-inter-level travel turns spent in this place divided by the number of levels of this place that you've seen.
                   A       B       C       D       E      F
               +-------+-------+-------+-------+-------+----------------------
         Total | 100.0 | 100.0 |   0.1 |   3.3 |   0.3 | 222.7
       Dungeon | 100.0 | 100.0 |   0.1 |   3.3 |   0.3 | 222.7
               +-------+-------+-------+-------+-------+----------------------


   Skills:
 - Level 2.6 Fighting
 + Level 12.4 Axes
 - Level 6.1 Armour
 - Level 1.5 Dodging


You had 9 spell levels left.
You didn't know any spells.

Dungeon Overview and Level Annotations

Branches:
Dungeon (11/15)            Temple (0/1) D:7
   Lair: D:8-11         Orc: D:9-12

Altars:
Dithmenos
Elyvilon
Nemelex Xobeh
Okawaru
Zin


Innate Abilities, Weirdness & Mutations

You have razor-sharp teeth.
You heal very quickly.
When hurt, damage is shared between your health and your magic reserves.
Your bite disrupts and absorbs the magic of your enemies.
Potions and wands cannot restore your health.
You are immune to rotting.
You have large cloven feet.


Message History

The orc warrior barely misses you.
The orc warrior hits your ogre with a battleaxe!!
Your ogre dies!
Your ogre's corpse disappears in a puff of smoke!
You finish eating.
That bread ration really hit the spot!
Use which ability? (? or * to list)
A red film seems to cover your vision as you go berserk!
You feel yourself moving faster!
You feel mighty!
You feel somewhat more hungry.
The orc knight hits you but does no damage.
The orc warrior hits you with a hand axe!
The orc warrior barely misses you.
You closely miss the orc warrior. Your bite misses the orc warrior.
You hit the orc knight.
The orc knight is lightly wounded.
You hit the orc warrior.
The orc warrior is lightly wounded.
The orc warrior hits you with a battleaxe!
The orc knight hits you with a great mace!
You slash the orc warrior! You bite the orc warrior! You drain its power.
You feel invigorated.
The orc warrior is almost dead.
You slash the orc warrior!
The orc warrior is heavily wounded.
You hit the orc knight but do no damage.
The orc knight is lightly wounded.
The orc warrior hits you with a hand axe.
The orc warrior hits you but does no damage.
You slice the orc warrior!!
You kill the orc warrior!
Trog accepts your kill.
You slash the orc warrior!
The orc warrior is severely wounded.
You miss something.
You hit the orc knight but do no damage.
The orc knight is lightly wounded.
The orc knight hits you with a great mace!!
Something hits you but does no damage.
The orc warrior hits you with a hand axe!
You die...

....... ..... ######...#
#....#...# .# ...
#....##'## ..
....#####'##8.8##'##
#...#))#.....o.....#
#...#))#.##.o)o.##.#
#...#..'.###.@.###.'
#...#))#..##...##..#
#...#))#...........#
#...####...........# ##
#!..#[[#...........#))#
##...#[)#..##...##..#))#
##....#.)[.###...###.'..#
##.<...#[[#.##.....##.#).#
#......#[(#..[........# )#


You could see an orc knight and 2 orc warriors.

Table legend:
 A = Kills in this place as a percentage of kills in entire the game.
 B = Kills by you in this place as a percentage of kills by you in the entire game.
 C = Kills by friends in this place as a percentage of kills by friends in the entire game.
 D = Other kills in this place as a percentage of other kills in the entire game.
 E = Experience gained in this place as a percentage of experience gained in the entire game.
 F = Experience gained in this place divided by the number of levels of this place that you have seen.
                   A       B       C       D       E      F
               +-------+-------+-------+-------+-------+----------------------
         Total | 100.0 | 100.0 |  -nan |  -nan | 100.0 | 657.7
       Dungeon | 100.0 | 100.0 |  -nan |  -nan | 100.0 | 657.7
               +-------+-------+-------+-------+-------+----------------------

Vanquished Creatures
  An unseen horror (D:11)
  A troll (D:10)
  A wyvern (D:8)
  9 yaks
  4 deep elf fighters (D:11)
  A deep elf mage (D:10)
  10 orc warriors
  3 ogres
  A black bear (D:9)
  A centaur (D:7)
  6 killer bees (D:10)
  A scorpion (D:4)
  A crimson imp (D:6)
  3 jellies
  2 centaur skeletons
  A hound (D:9)
  2 orc priests
  A giant frog skeleton (D:5)
  5 orc wizards
  An iguana (D:4)
  2 hound skeletons
  2 adders
  A worm (D:4)
  2 adder skeletons
  3 giant geckos
  25 orcs
  A bat skeleton (D:4)
  A bat zombie (D:6)
  2 giant cockroaches
  5 goblins
  6 hobgoblins
  9 kobolds
  An ooze (D:5)
  A quokka (D:3)
  A ball python (D:4)
  2 bats
  A giant gecko skeleton (D:4)
  2 giant newts
  3 jackals (D:9)
  A quokka zombie (D:7)
  4 rats
  4 ballistomycetes (D:10)
134 creatures vanquished.

Vanquished Creatures (others)
  An ogre (D:11)
  A giant spore (D:10)
2 creatures vanquished.

Grand Total: 136 creatures vanquished

Action                   |  1- 3 |  4- 6 |  7- 9 | 10-12 || total
-------------------------+-------+-------+-------+-------++-------
Melee: Hand axe          |    50 |   151 |   187 |    36 ||   424
       Broad axe         |       |       |       |    17 ||    17
       War axe           |       |       |       |     9 ||     9
Invok: Berserk           |     3 |     4 |    12 |     7 ||    26
       Trog's Hand       |       |     1 |     2 |     2 ||     5
       Brothers in Arms  |       |       |       |     1 ||     1
  Use: Potion            |       |     3 |       |     8 ||    11
       Scroll            |       |     4 |     4 |     7 ||    15
  Eat: Pizza             |       |     1 |       |       ||     1
       Chunk             |       |     4 |     9 |     4 ||    17
       Beef jerky        |       |     1 |     1 |       ||     2
       Royal jelly       |       |       |     1 |       ||     1
       Meat ration       |       |       |     1 |       ||     1
       Bread ration      |       |       |       |     2 ||     2

Vault maps used:
D:1:      dpeg_arrival_concentric_ovals, corexii_hall_statues_i,
          nrook_mini_backslash, hex_medium, hangedman_decor_slide_cut
D:2:      lemuel_crystal_altar, lemuel_crystal_altar, first_bread,
          uniq_crazy_yiuf_cottage
D:3:      portal_sewer_entry_b, kennysheep_generic_room_15, uniq_natasha,
          uniq_terence
D:4:      uniq_menkaure, uniq_grinder
D:5:      grunt_qazlal_clouds, temple_statues, uniq_pikel
D:6:      nicolae_overflow_hidden_temple, kennysheep_mini,
          nicolae_tso_carved_into_rock, serial_shops, shop, shop,
          minmay_bad_closet
D:7:      minmay_temple_entry_nine_rooms, the_bakery, minivault_19,
          minivault_19, kennysheep_generic_room_5, uniq_eustachio
D:8:      nicolae_overflow_crystal_walls, erik_lair_orcish_takeover,
          nicolae_underground_beach, uniq_erolcha
D:9:      basic_altar
D:10:     david_orc_2, spider_trap
D:11:     evilmike_iron_armoury
